 Dungeon Crawl Stone Soup version 0.17.2-1-ge4368a0 (webtiles) character file.

1496 Goblin1989 the Insei (level 8, -2/53 HPs)
             Began as an Octopode Transmuter on Sept 14, 2017.
             Was an Initiate of Gozag.
             Slain by a sky beast (4 damage)
             ... on level 6 of the Dungeon.
             The game lasted 00:21:18 (8491 turns).

Goblin1989 the Insei (Octopode Transmuter)          Turns: 8491, Time: 00:21:18

Health: -2/53      AC:  1    Str:  9    XL:     8   Next: 81%
Magic:  13/13      EV: 14    Int: 17    God:    Gozag
Gold:   666        SH:  0    Dex: 17    Spells: 5 memorised, 2 levels left

rFire  . . .     SeeInvis .       - Unarmed
rCold  . . .     Clarity  .     (no shield)
rNeg   + . .     SustAt   .     (helmet restricted)
rPois  .         Gourm    .     (no amulet)
rElec  .         Spirit   .     c - ring of positive energy
rCorr  .         Warding  .     h - +4 ring of dexterity
rMut   .         Stasis   .     l - ring of flight
MR     .....                    (no ring)
Stlth  ++++......               (no ring)
                                (no ring)
                                (no ring)
                                (no ring)

@: not resistant to hostile enchantments, stealthy
A: almost no armour, amphibious, 8 rings, constrict 8, camouflage 1, gelatinous
body 1
a: Potion Petition, Call Merchant, Bribe Branch, Renounce Religion, Evoke Flight


You were on level 6 of the Dungeon.
You worshipped Gozag.
Gozag was noncommittal.
You were very hungry.

You visited 1 branch of the dungeon, and saw 6 of its levels.
You also visited: Sewer.

You collected 941 gold pieces.
You spent 258 gold pieces at shops.
You paid 17 gold pieces to Gozag.

Inventory:

Hand Weapons
 g - a +1 hunting sling of freezing
Missiles
 a - 84 arrows
 m - 14 arrows of flame
 q - 3 javelins (quivered)
Jewellery
 c - a ring of positive energy (left tentacle)
 h - a +4 ring of dexterity (right tentacle)
 l - a ring of flight (on tentacle)
 y - a +3 ring of dexterity
Wands
 p - a wand of fire (6)
 t - a wand of magic darts (32)
Scrolls
 j - 2 scrolls of fear
 n - 3 scrolls of remove curse {@r2}
 x - a scroll of fog
 B - a scroll of blinking
 C - a scroll of recharging
 D - a scroll of amnesia
 E - a scroll of noise
 F - a scroll of brand weapon {unknown}
 M - a scroll of magic mapping
 R - 6 scrolls of identify {@r1}
 T - a scroll of teleportation
Potions
 d - a potion of degeneration {unknown}
 f - a potion of lignification {unknown}
 i - 2 potions of berserk rage {unknown}
 o - a potion of invisibility {unknown}
 r - a potion of flight
 s - 4 potions of curing {@q1}
 u - a potion of ambrosia {unknown}
 v - a potion of cancellation {unknown}
 w - 2 potions of might {unknown}
 z - a potion of heal wounds {unknown}
 A - a potion of mutation {unknown}
Books
 b - a book of Changes

   Spells                             Type                      Level
   a - Beastly Appendage              Transmutation                1
   b - Sticks to Snakes               Transmutation                2
   c - Spider Form                    Transmutation/Poison         3
   d - Ice Form                       Ice/Transmutation            4
   e - Blade Hands                    Transmutation                5
 k - a book of Geomancy

   Spells                             Type                      Level
   a - Sandblast                      Earth                        1
   b - Stoneskin                      Transmutation/Earth          2
   c - Passwall                       Transmutation/Earth          3
   d - Stone Arrow                    Conjuration/Earth            3
   e - Petrify                        Transmutation/Earth          4
   f - Lee's Rapid Deconstruction     Earth                        5
Comestibles
 e - a bread ration {@e1}


   Skills:
 + Level 3.6 Fighting
 + Level 3.8 Dodging
 - Level 3.0 Stealth
 * Level 6.1 Unarmed Combat
 + Level 3.7 Spellcasting
 - Level 6.0 Transmutations
 * Level 2.4 Ice Magic
 - Level 1.0 Earth Magic


You had 2 spell levels left.
You knew the following spells:

 Your Spells              Type           Power        Failure   Level  Hunger
a - Beastly Appendage     Trmt           ###...       1%          1    None
b - Sticks to Snakes      Trmt           ###.......   2%          2    ##.....
c - Spider Form           Trmt/Pois      ##........   17%         3    ###....
d - Stoneskin             Trmt/Erth      ###.....     10%         2    ##.....
e - Ice Form              Ice/Trmt       ###.....     30%         4    ####...


Dungeon Overview and Level Annotations

Branches:
Dungeon (6/15)             Temple (0/1) D:6

Altars:
Ashenzari
Gozag
Kikubaaqudgha
Makhleb
Nemelex Xobeh
Trog
Vehumet
Xom

Shops:
D:4 :   D:6 ?

Annotations:
D:3 Crazy Yiuf


Innate Abilities, Weirdness & Mutations

You cannot wear most types of armour.
You are amphibious.
You can wear up to eight rings at the same time.
You can use your tentacles to constrict eight enemies at once.
Your skin changes colour to match your surroundings (Stealth).
Your rubbery body absorbs attacks (AC +1).


Message History

The giant frog misses you.
You barely miss the giant frog. You grab the giant frog.
You squeeze the giant frog!
The giant frog is almost dead.
You constrict the giant frog. The giant frog barely misses you.
The giant frog misses you.
You tentacle-slap the giant frog but do no damage.
You squeeze the giant frog.
You kill the giant frog!
The sky beast flickers out of sight!
Deactivating autopickup; reactivate with Ctrl-A.
Something hits you. Something shocks you.
You take 6 damage, and have 42/53 hp.
No target in view!
No target in view!
No target in view!
No target in view!
No target in view!
No target in view!
No target in view!
No target in view!
No target in view!
No target in view!
No target in view!
No target in view!
No target in view!
No target in view!
No target in view!
No target in view!
No target in view!
No target in view!
No target in view!
There is a strange disturbance nearby!
There is a strange disturbance nearby!
There is a strange disturbance nearby!
You miss something. Something hits you. Something shocks you.
You take 9 damage, and have 33/53 hp.
You closely miss something. Something hits you. Something shocks you.
* * * LOW HITPOINT WARNING * * *
You take 10 damage, and have 23/53 hp.
You miss something. Your squeeze misses something. Something hits you.
* * * LOW HITPOINT WARNING * * *
Something shocks you.
* * * LOW HITPOINT WARNING * * *
You take 7 damage, and have 16/53 hp.
You miss something. Something hits you.
* * * LOW HITPOINT WARNING * * *
Something shocks you.
* * * LOW HITPOINT WARNING * * *
You take 7 damage, and have 9/53 hp.
You closely miss something. Your squeeze misses something.
You closely miss something. Your squeeze misses something. Something hits you.
* * * LOW HITPOINT WARNING * * *
Something shocks you.
* * * LOW HITPOINT WARNING * * *
You take 9 damage, and have 1/53 hp.
Unknown command.
Read which item? (? for menu, Esc to quit)
Okay, then.
Unknown command.
Drink which item? (? for menu, Esc to quit)
Okay, then. [a] - 0 gold - curing, magic, haste and resistance [b] - 0 gold - heal wounds, curing and berserk rage [c] - 0 gold - resistance, flight, haste and heal wounds Purchase which effect?
You feel much better.
You feel better.
You're too hungry to go berserk.
Something hits you. Something shocks you.
You regained 30 hp, and now have 31/53 hp.
Unknown command.
Unknown command.
You barely miss something. Something barely misses you.
You miss something. Something barely misses you.
You closely miss something. Something hits you. Something shocks you.
You take 6 damage, and have 25/53 hp.
You tentacle-slap something but do no damage.
Something barely misses you.
You barely miss something. Your squeeze misses something. Something hits you.
* * * LOW HITPOINT WARNING * * *
Something shocks you.
* * * LOW HITPOINT WARNING * * *
You take 10 damage, and have 16/53 hp.
You tentacle-slap something. Something hits you but does no damage.
Unknown command.
You tentacle-slap something. x2
You squeeze something! Something completely misses you.
You barely miss something. Your squeeze misses something.
You tentacle-slap something. Something hits you.
* * * LOW HITPOINT WARNING * * *
Something shocks you.
* * * LOW HITPOINT WARNING * * *
You take 8 damage, and have 8/53 hp.
You miss something. Your squeeze misses something. Something hits you.
* * * LOW HITPOINT WARNING * * *
Something shocks you.
* * * LOW HITPOINT WARNING * * *
You take 7 damage, and have 1/53 hp.
Something hits you.
You die...
Your body crumbles into a pile of gold. █████████

█ █..$█...███
█. █@Ψ.█.Ψ...█
█.. █...█...█.█
██.███.███.██.█
█...█...█...█.█
█.Ψ...Ψ...>.█.█
█...█...█...█.█
██.███.██████.█
█.. █...█
█.████████ █.
█.Ψ...
█.........


There were no monsters in sight!

Vanquished Creatures
  Purgy (Sewer)
  2 ogres
  An ice beast (D:6)
  2 centaurs
  2 phantoms
  A giant frog (D:6)
  2 scorpions
  An iron imp (D:3)
  A giant frog zombie (D:3)
  3 hounds
  A giant frog skeleton (D:6)
  A centaur skeleton (D:5)
  3 worker ants (D:5)
  Jessica (D:3)
  An orc priest (D:3)
  An iguana (D:6)
  A hound zombie (D:5)
  A worker ant zombie (D:6)
  2 hound skeletons (D:4)
  Robin (D:2)
  3 gnolls (D:3)
  2 adders
  3 shadow imps
  2 oozes
  2 adder skeletons
  5 worms
  6 giant geckos
  15 orcs
  8 bats
  8 giant cockroaches
  14 goblins
  6 hobgoblins
  9 jackals
  8 quokkas
  A giant gecko skeleton (D:3)
  3 giant newts
  10 kobolds
  10 rats
144 creatures vanquished.

Notes
Turn   | Place    | Note
--------------------------------------------------------------
     0 | D:1      | Goblin1989 the Octopode Transmuter began the quest for the Orb.
     0 | D:1      | Reached XP level 1. HP: 13/13 MP: 3/3
   172 | D:1      | Reached XP level 2. HP: 12/18 MP: 5/5
   193 | D:1      | Reached skill level 1 in Stealth
   577 | D:1      | Learned a level 2 spell: Sticks to Snakes
   825 | D:1      | Reached XP level 3. HP: 23/23 MP: 6/6
   830 | D:1      | Learned a level 3 spell: Spider Form
   888 | D:2      | Noticed Robin
  1203 | D:2      | Found a shimmering altar of Xom.
  1338 | D:2      | Found a bloodstained altar of Trog.
  1390 | D:2      | Found a sparkling altar of Nemelex Xobeh.
  1485 | D:2      | Killed Robin
  1485 | D:2      | Reached XP level 4. HP: 12/28 MP: 7/7
  1492 | D:2      | Found an opulent altar of Gozag.
  1544 | D:2      | Became a worshipper of Gozag Ym Sagoz the Greedy
  2093 | D:3      | Found an ancient bone altar of Kikubaaqudgha.
  2093 | D:3      | Found an opulent altar of Gozag.
  2284 | D:3      | Reached skill level 4 in Transmutations
  2284 | D:3      | Reached XP level 5. HP: 30/33 MP: 8/8
  2303 | D:3      | HP: 1/33 [poisoned by an adder]
  2621 | D:3      | Noticed Crazy Yiuf
  2663 | D:3      | Found a faded altar to an unknown god.
  3207 | D:3      | Noticed Jessica
  3214 | D:3      | Killed Jessica
  3214 | D:3      | Reached XP level 6. HP: 39/39 MP: 9/9
  3222 | D:3      | Found a burning altar of Makhleb.
  3551 | D:4      | Learned a level 2 spell: Stoneskin
  3620 | D:4      | Found a glowing drain.
  3652 | Sewer    | Entered a sewer
  3698 | Sewer    | Noticed Purgy
  3784 | Sewer    | Killed Purgy
  4070 | D:4      | Reached skill level 5 in Transmutations
  4070 | D:4      | Reached XP level 7. HP: 40/45 MP: 9/11
  4456 | D:4      | Found a shattered altar of Ashenzari.
  4539 | D:4      | Found Zathom's Book Boutique.
  4627 | D:5      | Entered Level 5 of the Dungeon
  5563 | D:5      | Reached XP level 8. HP: 29/52 MP: 9/12
  5571 | D:5      | Reached skill level 5 in Unarmed Combat
  5703 | D:5      | Learned a level 4 spell: Ice Form
  6050 | D:5      | Reached skill level 6 in Transmutations
  6050 | D:5      | Reached skill level 1 in Earth Magic
  6871 | D:6      | Found Jomugrel's Magic Scroll Shop.
  6900 | D:6      | Reached skill level 1 in Ice Magic
  6919 | D:6      | Bought a scroll of magic mapping for 42 gold pieces
  6919 | D:6      | Bought a scroll of identify for 24 gold pieces
  6919 | D:6      | Bought a scroll of identify for 24 gold pieces
  6919 | D:6      | Bought a scroll of noise for 12 gold pieces
  6919 | D:6      | Bought a scroll of recharging for 114 gold pieces
  6919 | D:6      | Bought a scroll of amnesia for 42 gold pieces
  7175 | D:6      | Found a radiant altar of Vehumet.
  8453 | D:6      | Found a staircase to the Ecumenical Temple.
  8477 | D:6      | HP: 1/53 [something (5)]
  8488 | D:6      | HP: 1/53 [something (5)]
  8491 | D:6      | Slain by a sky beast

Action                   |  1- 3 |  4- 6 |  7- 9 || total
-------------------------+-------+-------+-------++-------
Melee: Unarmed           |   103 |   139 |   238 ||   480
 Cast: Sticks to Snakes  |       |     3 |       ||     3
       Stoneskin         |       |     1 |     1 ||     2
       Spider Form       |       |       |     5 ||     5
       Ice Form          |       |       |     1 ||     1
Invok: Potion Petition   |       |       |     1 ||     1
  Use: Scroll            |       |    11 |       ||    11
       Potion            |       |       |     1 ||     1
 Stab: Sleeping          |    10 |    13 |    13 ||    36
       Distracted        |       |     1 |       ||     1
  Eat: Chunk             |     1 |     2 |       ||     3
       Pizza             |       |     2 |       ||     2
       Beef jerky        |       |     1 |     1 ||     2
       Fruit             |       |     1 |       ||     1
       Meat ration       |       |     1 |       ||     1
       Bread ration      |       |       |     2 ||     2

Vault maps used:
D:1:      dpeg_arrival_line_fractal
D:2:      nicolae_overflow_crystal_walls, lemuel_round_altar,
          lemuel_crystal_altar, first_bread, nicolae_gozag_seed_capital,
          uniq_robin
D:3:      gammafunk_temple_overflow_elements, makhleb_grotto_becter,
          ecumenical_altar_1, corner_web_ring, uniq_jessica,
          uniq_crazy_yiuf_cottage
D:4:      ashenzari_conservatory_becter, portal_sewer_entry_f, serial_shops,
          nicolae_shop_crystal
D:5:      minmay_crystal_water
D:6:      lemuel_crystal_altar, minmay_temple_entry_nine_rooms, serial_shops,
          shop_fountains
Sewer:    sewer_big_baddie
